 Dungeon Crawl Stone Soup version 0.23-b1-6-ga921848b48 (webtiles) character file.

Game seed: 13993444314992962952

110 Oravi the Slasher (level 4, -3/39 HPs)
             Began as a Naga Warper on Feb 1, 2019.
             Slain by Natasha (7 damage)
             ... on level 2 of the Dungeon.
             The game lasted 00:16:56 (2333 turns).

Oravi the Slasher (Naga Warper)                     Turns: 2333, Time: 00:16:57

Health: -3/39      AC:  2    Str: 14    XL:     4   Next: 91%
Magic:  7/7        EV:  9    Int: 14    God:
Gold:   49         SH:  0    Dex: 10    Spells: 4/8 levels left

rFire    . . .     SeeInvis +   a - +0 falchion
rCold    . . .     Gourm    .   (no shield)
rNeg     . . .     Faith    .   b - +0 leather armour
rPois    +         Spirit   .   (no helmet)
rElec    .         Reflect  .   (no cloak)
rCorr    .         Harm     .   (no gloves)
MR       .....                  (no barding)
Stlth    +.........             (no amulet)
HPRegen  0.13/turn              (no ring)
MPRegen  0.10/turn              (no ring)

@: very slow
A: large, see invisible, deformed body, poison resistance, slowness 2, slow
metabolism 1, spit poison 1, AC +1
a: Spit Poison


You were on level 2 of the Dungeon.
You were not hungry.

You visited 1 branch of the dungeon, and saw 2 of its levels.

You collected 49 gold pieces.

Inventory:

Hand Weapons
 a - a +0 falchion (weapon)
 m - a +1 short sword of draining
Missiles
 e - 2 tomahawks of dispersal
 h - 50 arrows
 j - 123 stones (quivered)
Armour
 b - a +0 leather armour (worn)
Jewellery
 q - an uncursed ring of see invisible {unknown}
Scrolls
 d - a scroll of blinking
 k - 3 scrolls of identify {unknown}
 p - a scroll of enchant armour {unknown}
Potions
 c - a potion of magic {unknown}
 g - a potion of resistance {unknown}
 l - a potion of flight {unknown}
 o - 2 potions of haste {unknown}
Comestibles
 f - 3 rations
 n - 3 chunks of flesh


   Skills:
 + Level 2.2 Fighting
 * Level 4.0 Long Blades
 - Level 0.8 Throwing
 - Level 0.7 Armour
 - Level 1.5 Dodging
 - Level 2.5 Spellcasting
 - Level 1.2 Charms
 - Level 3.1 Translocations


You had 4 spell levels left.
You knew the following spells:

 Your Spells              Type           Power        Failure   Level  Hunger
a - Blink                 Tloc           N/A          12%         2    ###....
b - Shroud of Golubria    Chrm/Tloc      #.........   17%         2    ###....

Your spell library contained the following spells:

 Spells                   Type           Power        Failure   Level  Hunger
 Gell's Gravitas          Tloc           ##........   24%         3    ###....
 Lesser Beckoning         Tloc           ##........   24%         3    ###....
 Teleport Other           Tloc           ##......     24%         3    ###....
 Passage of Golubria      Tloc           N/A          61%         4    #####..


Dungeon Overview and Level Annotations

Branches:
Dungeon (2/15)

Altars:

Annotations:
D:2 Natasha


Innate Abilities, Weirdness & Mutations

You cannot wear boots.
Your serpentine skin is tough. (AC +1)
You have supernaturally acute eyesight. (SInv)
Armour fits poorly on your strangely shaped body.
Your system is resistant to poisons. (rPois)
You cover ground very slowly.
You have a slow metabolism.
You can spit poison.


Message History

Natasha casts a spell at you. The magic dart hits you.
* * * LOW HITPOINT WARNING * * *
You closely miss Natasha.
Natasha is severely wounded.
Natasha stares at you and mumbles some strange words.
The magic dart hits you!
* * * LOW HITPOINT WARNING * * *
The crimson imp blinks!
You hit Natasha but do no damage.
Natasha is severely wounded.
The white imp disappears in a puff of smoke!
Natasha claws you.
* * * LOW HITPOINT WARNING * * *
You feel better. Natasha claws you.
* * * LOW HITPOINT WARNING * * *
You barely miss Natasha.
Natasha is severely wounded.
Natasha claws you!
You die...

##.......### .#. ...........#
#.# ##.......#.# #.# ..
#.......#.# #.##.. #.......#.#
#.##.. ####.####.# #.##.#
#####.####)#####.##.# .#
.....5>..........##.# ..#
#####h####......@##.########..##
# #5# #######.h...5.........# #
#<# ####............# # #.#
#........#.#.## # #.# #########
#####.......... # #l# #.......#
##.#....... # #.# #.#####.#
##รท##.#.## # #.###.# #[#
#.#...... # #^....# #.#
##.#..#.#.


You could see Natasha and a crimson imp.

Vanquished Creatures
  Natasha (D:2)
  Robin (D:2)
  2 dart slugs (D:1)
  4 bats
  4 giant cockroaches
  17 goblins
  13 hobgoblins
  9 kobolds
  4 frilled lizards
  8 rats
63 creatures vanquished.

Notes
Turn   | Place    | Note
-------+----------+-------------------------------------------
     0 | D:1      | Oravi the Naga Warper began the quest for the Orb.
     0 | D:1      | Reached XP level 1. HP: 19/19 MP: 3/3
   135 | D:1      | Reached XP level 2. HP: 23/26 MP: 5/5
   139 | D:1      | Learned a level 2 spell: Blink
   142 | D:1      | Learned a level 2 spell: Shroud of Golubria
   386 | D:1      | Reached skill level 3 in Long Blades
   552 | D:1      | Reached XP level 3. HP: 26/32 MP: 6/6
  1517 | D:2      | Reached skill level 1 in Charms
  1519 | D:2      | Noticed Robin
  1592 | D:2      | Killed Robin
  1592 | D:2      | Reached XP level 4. HP: 9/39 MP: 0/7
  1964 | D:2      | Noticed Natasha
  2311 | D:2      | Killed Natasha
  2311 | D:2      | Reached skill level 4 in Long Blades
  2314 | D:2      | Noticed Natasha
  2331 | D:2      | HP: 1/39 [Natasha (1)]
  2333 | D:2      | Slain by Natasha

Skill      XL: |  1  2  3  4 |
---------------+-------------+-----
Long Blades    | 3 4 |  4.0
Charms         | 1 |  1.2
Fighting       | |  2.2
Throwing       | |  0.8
Armour         | |  0.7
Dodging        | |  1.5
Spellcasting   | |  2.5
Translocations | |  3.1

Action                   |  1- 3 |  4- 6 || total
-------------------------+-------+-------++-------
Melee: Falchion          |   109 |    59 ||   168
Throw: Tomahawk          |     3 |       ||     3
       Stone             |     1 |     6 ||     7
 Cast: Blink             |     4 |       ||     4
       Shroud of Golubri |     1 |     1 ||     2
 Abil: Spit Poison       |    12 |     2 ||    14
  Use: Scroll            |     1 |       ||     1
       Potion            |       |     3 ||     3
  Eat: Chunk             |     2 |       ||     2
       Ration            |       |     1 ||     1
Armor: Leather armour    |    20 |    24 ||    44
Dodge: Dodged            |    52 |    33 ||    85
       Rpst.: Falchion   |    18 |    14 ||    32
